 Dungeon Crawl Stone Soup version 0.31-a0-841-g038b102fc3 (webtiles) character file.

Game seed: 14218383003703403381

67 Kurtz the Chopper (level 4, -5/31 HPs)
             Began as an Octopode Fighter on Sept 27, 2023.
             Slain by a gnoll
             ... wielding a +0 halberd
              (15 damage)
             ... on level 2 of the Dungeon.
             The game lasted 00:00:39 (1133 turns).

Kurtz the Chopper (Octopode Fighter)                Turns: 1133, Time: 00:00:40

Health: -5/31      AC:  1    Str: 17    XL:     4   Next: 16%
Magic:  4/4        EV: 13    Int: 10    God:
Gold:   25         SH:  4    Dex: 11    Spells: 3/3 levels left

rFire   . . .        a - +0 war axe
rCold   . . .        b - +0 buckler
rNeg    . . .        (helmet restricted)
rPois   .            (no amulet)
rElec   .            (no ring)
rCorr   .            (no ring)
SInv    .            (no ring)
Will    .....        (no ring)
Stlth   ++           (no ring)
HPRegen 0.25/turn    (no ring)
MPRegen 0.09/turn    (no ring)
                     (no ring)

%: no passive effects
@: no status effects
A: almost no armour, amphibious, 8 rings, camouflage 1, gelatinous body 1,
(nimble swimmer 1), tentacles
a: no special abilities


You were on level 2 of the Dungeon.
You visited 1 branch of the dungeon, and saw 2 of its levels.

You collected 25 gold pieces.

Inventory:

Hand Weapons
 a - a +0 war axe (weapon)
Armour
 b - a +0 buckler (worn)
Jewellery
 d - a ring of ice
Scrolls
 e - a scroll of noise {unknown}
 i - 3 scrolls of torment {unknown}
Potions
 c - a potion of might
 f - 2 potions of lignification {unknown}
 g - a potion of ambrosia {unknown}
 h - a potion of berserk rage {unknown}
 j - a potion of mutation {unknown}


   Skills:
 - Level 3.0 Fighting
 * Level 4.3 Axes
 - Level 3.0 Dodging
 - Level 3.0 Shields


You had 3 spell levels left.
You didn't know any spells.
Your spell library was empty.

Dungeon Overview and Level Annotations

Branches:
Dungeon (2/15)

Altars:


Innate Abilities, Weirdness & Mutations

You cannot wear most types of armour.
You are amphibious.
You can wear up to eight rings at the same time.
Your skin changes colour to match your surroundings (Stealth+).
Your rubbery body absorbs attacks. (AC +1, EV +1)
((You are camouflaged when in or above water. (Stealth+)))
You have tentacles for arms and can constrict up to eight enemies at once.


Message History

An adder is nearby!
You slash the adder!
You kill the adder!
You have reached level 4!
Found a stone staircase leading down.
No target in view!
No target in view!
There is a stone staircase leading down here.
A rat comes into view.
A rat is nearby!
A rat is nearby!
A rat is nearby!
You slash the rat!
You kill the rat!
A gnoll comes into view. It is wielding a +3 halberd.
A gnoll comes into view. It is wielding a +0 whip.
There are monsters nearby!
The gnoll shouts! x2; You hear a shout!
A gnoll comes into view. It is wielding a +0 halberd.
The gnoll barely misses you.
There are monsters nearby!
A gnoll comes into view. It is wielding a +0 halberd.
The gnoll shouts!
The gnoll hits you with a +3 halberd!
The gnoll moves out of view.
There are monsters nearby!
The gnoll shouts!
You hit the gnoll but do no damage. You grab the gnoll.
You constrict the gnoll. The gnoll hits you with a +3 halberd!
* * * LOW HITPOINT WARNING * * *
The gnoll completely misses you.
You are too injured to fight recklessly!
Unknown command.
You hit the gnoll. You grab the gnoll. Your squeeze misses the gnoll.
The gnoll is moderately wounded.
You slash the gnoll!
You constrict the gnoll, but do no damage.
You constrict the gnoll.
You kill the gnoll!
The gnoll hits you from afar with a +0 halberd!
You die...

####.# #.. ....# #........#
#.###.#####.# #........#
#####...#.....#.####........##
...............#...............
...............######........#.
##########.###.....############
#.###.....+ ..... #...#.g...#
##### ###..@# ###.)g.....
#.###.P.. ... .. ####


You could see 2 gnolls.

Vanquished Creatures
  A gnoll (D:2)
  3 adders (D:2)
  A worm (D:2)
  7 ball pythons (D:1)
  3 bats
  2 endoplasms (D:1)
  3 giant cockroaches
  2 goblins (D:1)
  A hobgoblin (D:1)
  3 quokkas (D:1)
  A frilled lizard (D:1)
  6 kobolds (D:1)
  A rat (D:2)
34 creatures vanquished.

Notes
Turn   | Place    | Note
-------+----------+-------------------------------------------
     0 | D:1      | Kurtz the Octopode Fighter began the quest for the Orb.
     0 | D:1      | Reached XP level 1. HP: 16/16 MP: 1/1
   162 | D:1      | Reached XP level 2. HP: 21/21 MP: 2/2
   266 | D:1      | Reached skill level 3 in Axes
   441 | D:1      | Reached XP level 3. HP: 26/26 MP: 3/3
   973 | D:2      | Reached skill level 4 in Axes
  1093 | D:2      | Reached XP level 4. HP: 29/31 MP: 4/4
  1133 | D:2      | Slain by a gnoll

Illustrated notes

Levels and vault maps discovered:
D:1:      dpeg_chamrin_arrival_tetris, layout_loops_ring, reono_crystal_passage
D:2:      layout_basic, dreamdust_ecumenical_altar_grove,
          nicolae_underground_beach

Skill      XL: |  1  2  3 |
---------------+----------+-----
Axes           | 3 4 |  4.3
Fighting       | |  3.0
Dodging        | |  3.0
Shields        | |  3.0

Action                     |  1- 3 |  4- 6 || total
---------------------------+-------+-------++-------
  Melee: War axe           |    57 |     3 ||    60
         Constrict         |    17 |     2 ||    19
         Tentacles         |    10 |       ||    10
         Punch             |     1 |       ||     1
   Stab: Sleeping          |     9 |       ||     9
 Armour: Skin              |    16 |     3 ||    19
  Dodge: Dodged            |    33 |     2 ||    35
  Block: Buckler           |    10 |       ||    10

Table legend: (Time is in decaauts)
 A = Elapsed time spent in this place.
 B = Non-inter-level travel time spent in this place.
 C = Inter-level travel time spent in this place.
 D = Time resting spent in this place.
 E = Time spent auto-exploring this place.
 F = Levels seen in this place.
 G = Mean time per level.
                   A        B        C        D        E       F      G
               +--------+--------+--------+--------+--------+-----+--------+
         Total |   1155 |   1144 |     11 |      0 |    912 |   2 |  577.5 |
       Dungeon |   1155 |   1144 |     11 |      0 |    912 |   2 |  577.5 |
               +--------+--------+--------+--------+--------+-----+--------+

Top non-repeatable levels by time:
     D:1: 865 daAuts
     D:2: 289 daAuts
